 Dungeon Crawl Stone Soup version 0.30.1-6-gbe392663c4 (webtiles) character file.

Game seed: 15765879227217339010

5194 safid the Frost Mage (level 10, -2/75 (82) HPs)
             Began as a Merfolk Ice Elementalist on Sept 21, 2023.
             Was a Believer of Vehumet.
             Killed by divine providence
             ... invoked by an orc priest
              (11 damage)
             ... on level 9 of the Dungeon.
             The game lasted 00:17:01 (10160 turns).

safid the Frost Mage (Merfolk Ice Elementalist)    Turns: 10160, Time: 00:17:01

HP:   -2/75 (82)    AC:  2    Str:  8    XL:     10   Next: 60%
MP:   4/21          EV: 15    Int: 20    God:    Vehumet [**....]
Gold: 183           SH:  0    Dex: 14    Spells: 8/23 levels left

rFire   + + .        n - +10 mace of Honour {heavy, Drain rElec rPois rF+}
rCold   . . .        (no shield)
rNeg    . . .        a - +0 robe
rPois   +            (no helmet)
rElec   +            (no cloak)
rCorr   .            (no gloves)
SInv    .            (no boots)
Will    .....        (no amulet)
Stlth   ++           o - ring of poison resistance
HPRegen 0.32/turn    G - ring of protection from fire
MPRegen 0.17/turn

%: no passive effects
@: drained
A: (nimble swimmer 2), mertail
a: Renounce Religion


You were on level 9 of the Dungeon.
You worshipped Vehumet.
Vehumet was pleased with you.
You visited 1 branch of the dungeon, and saw 9 of its levels.
You also visited: Sewer and Ossuary.

You collected 445 gold pieces.
You spent 262 gold pieces at shops.

Inventory:

Hand Weapons
 n - the +10 mace of Honour (weapon) {heavy, Drain rElec rPois rF+}
   (You found it on level 8 of the Dungeon)

   rF:        It protects you from fire.
   rElec:     It insulates you from electricity.
   rPois:     It protects you from poison.
   Drain:     It drains your maximum health when unequipped.
 I - the +4 flail "Qih Qen" {drain, rElec rN+ rCorr Int+5}
   (You found it on level 5 of the Dungeon)

   Int:       It affects your intelligence (+5).
   rElec:     It insulates you from electricity.
   rN:        It protects you from negative energy.
   rCorr:     It protects you from acid and corrosion.
Missiles
 l - 2 throwing nets
Armour
 a - a +0 robe (worn)
Jewellery
 e - a ring of willpower
 o - a ring of poison resistance (left hand)
 y - a ring of resist corrosion
 G - a ring of protection from fire (right hand)
Wands
 s - a wand of flame (30)
 A - a wand of charming (7)
 F - a wand of light (6)
Scrolls
 g - 2 scrolls of fear
 h - a scroll of summoning
 m - 2 scrolls of enchant armour
 p - a scroll of brand weapon
 t - a scroll of magic mapping {unknown}
 v - 5 scrolls of fog
 w - a scroll of amnesia {unknown}
 x - 3 scrolls of enchant weapon
 C - a scroll of poison {unknown}
 E - 2 scrolls of blinking
 H - 2 scrolls of teleportation
Potions
 b - a potion of magic
 d - a potion of resistance {unknown}
 f - 2 potions of attraction {unknown}
 i - 3 potions of flight
 j - 5 potions of might
 k - a potion of mutation {unknown}
 q - 4 potions of curing
 r - a potion of berserk rage
 u - a potion of cancellation {unknown}
 z - 2 potions of lignification {unknown}
 B - 6 potions of haste
 D - a potion of ambrosia {unknown}


   Skills:
 + Level 8.4 Fighting
 + Level 7.8 Dodging
 - Level 2.1 Stealth
 + Level 7.4 Spellcasting
 - Level 4.0 Conjurations
 + Level 9.5 Ice Magic
 + Level 0.3 Air Magic


You had 8 spell levels left.
You knew the following spells:

 Your Spells              Type           Power      Damage    Failure   Level
a - Freeze                Ice            100%       1d10      1%          1
b - Frozen Ramparts       Ice            90%        1d14      1%          3
c - Ozocubu's Armour      Ice            45%        N/A       1%          3
d - Hailstorm             Conj/Ice       34%        3d9       1%          3
e - Freezing Cloud        Conj/Ice/Air   13%        6-21      36%         5

Your spell library contained the following spells:

 Spells                   Type           Power      Damage    Failure   Level
 Static Discharge         Conj/Air       32%        2-4/arc   5%          2
 Cigotuvi's Dreadful Rot  Necr/Pois/Air  14%        N/A       13%         2
 Summon Ice Beast         Ice/Summ       26%        N/A       13%         4
 Call Canine Familiar     Summ           7%         N/A       26%         3
 Ignite Poison            Fire/Tmut/Pois 7%         N/A       26%         3
 Portal Projectile        Hex/Tloc       14%        N/A       26%         3
 Dispel Undead            Necr           7%         3d8       65%         4
 Leda's Liquefaction      Hex/Erth       3%         N/A       65%         4
 Death Channel            Necr           3%         N/A       100%        6


Dungeon Overview and Level Annotations

Branches:
Dungeon (9/15)             Temple (0/1) D:6            Lair (0/5) D:8
  Sewer (visited)         Ossuary (visited)
    Orc: D:9-12

Altars:
Ashenzari
Fedhas
Gozag
Kikubaaqudgha
Sif Muna
Trog
Uskayaw
Vehumet
Wu Jian
Xom

Shops:
D:5 (:[([   D:6 *   D:8 *


Innate Abilities, Weirdness & Mutations

((You are very nimble when in or above water. (Stealth+, EV+, Speed+++)))
Your lower body shifts to a powerful aquatic tail in water.


Message History

* * * LOW HITPOINT WARNING * * *
You feel much better. The wight misses you. x2
Casting: Ozocubu's Armour (safe; 1% risk of failure)
Confirm with . or Enter, or press ? or * to list all spells.
Casting: Frozen Ramparts (safe; 1% risk of failure)
Press: ? - help, Dir - look around, f - activate The walls around you are covered in ice.
The wight completely resists.
The wall freezes the wight but does no damage.
The wight hits you with a +0 morningstar!
The wight resists.
The wall freezes the wight.
The wall freezes the wight but does no damage.
The wight closely misses you.
Casting: Frozen Ramparts (safe; 1% risk of failure)
Confirm with . or Enter, or press ? or * to list all spells.
A film of ice covers your body!
The wall freezes the wight but does no damage.
The wight hits you with a +0 morningstar!
* * * LOW HITPOINT WARNING * * *
The wight resists.
The wall freezes the wight.
The wight completely resists.
The wall freezes the wight but does no damage.
The wight hits you from afar with a +4 halberd!
* * * LOW HITPOINT WARNING * * *
You feel drained.
* * * LOW HITPOINT WARNING * * *
The wight resists.
The wall freezes the wight.
The wight barely misses you.
The wight completely resists.
The wall freezes the wight but does no damage. x2
The wight hits you from afar with a +4 halberd.
* * * LOW HITPOINT WARNING * * *
Unknown command.
Blink to where?
Press: ? - help, Dir - move target Your icy armour and frozen ramparts will break if you move.
Continue?
Your icy armour cracks and falls away as you move.
The frozen ramparts melt away as you move.
As you read the scroll of blinking, it crumbles to dust.
The orc priest calls down the wrath of Beogh upon you.
Beogh smites you!
You die...

#...........#
+........... #.........#
### #.......o.# #####<#
#........# #.....#
#.....!.o########.###.#
#........##zoz.##.# #.#
#........##)##.##.###..
#####.....)).z).@...####
###......)o######
#.......## ###.....#
#.#.#..# #.#.#...#
#.#.....# #.##....#


You could see 2 wights, an orc priest and an orc.

Vanquished Creatures
  A two-headed ogre (D:8)
  Pikel (D:4)
  A komodo dragon (D:8)
  A troll (D:6)
  Menkaure (D:7)
  Edmund (D:4)
  4 water moccasins
  2 ice beasts
  A sky beast (D:7)
  Pargi (Sewer)
  An orc warrior (D:9)
  2 black bears
  An ogre (D:5)
  3 centaurs
  3 kobold brigands
  3 lemures (D:4)
  2 bullfrogs (D:8)
  5 scorpions
  Blork the orc (D:5)
  9 water moccasin zombies (Ossuary)
  An electric eel (D:8)
  A howler monkey (D:4)
  A jelly (D:5)
  5 orc priests
  6 hounds
  Ijyb (D:3)
  3 iguanas
  3 orc wizards
  2 mummies (Ossuary)
  A gnoll (D:1)
  3 river rats (D:3)
  9 adders
  A white imp (D:8)
  3 adder zombies (Ossuary)
  3 worms
  4 dart slugs
  22 orcs
  10 ball pythons
  5 bats (D:1)
  10 endoplasms
  2 giant cockroaches
  3 gnoll zombies (Ossuary)
  2 goblins
  9 hobgoblins
  3 quokkas
  7 frilled lizards
  6 hobgoblin zombies (Ossuary)
  26 kobolds
  7 kobold zombies (Ossuary)
  3 orc zombies (Ossuary)
  4 rats
210 creatures vanquished.

Vanquished Creatures (others)
  An orc (D:5)
1 creature vanquished.

Grand Total: 211 creatures vanquished

Notes
Turn   | Place    | Note
-------+----------+-------------------------------------------
     0 | D:1      | safid the Merfolk Ice Elementalist began the quest for the
                  | Orb.
     0 | D:1      | Reached XP level 1. HP: 13/13 MP: 3/3
   202 | D:1      | Reached XP level 2. HP: 20/20 MP: 1/5
   262 | D:1      | Reached skill level 1 in Fighting
   533 | D:1      | Reached XP level 3. HP: 26/26 MP: 6/6
  1270 | D:2      | Found a bloodstained altar of Trog.
  1735 | D:2      | Reached skill level 5 in Ice Magic
  1735 | D:2      | Reached XP level 4. HP: 27/33 MP: 8/8
  1851 | D:2      | Learned a level 3 spell: Frozen Ramparts
  1855 | D:2      | Learned a level 3 spell: Ozocubu's Armour
  2113 | D:3      | Noticed Ijyb
  2124 | D:3      | Killed Ijyb
  2328 | D:3      | Reached XP level 5. HP: 32/39 MP: 5/9
  2380 | D:3      | Found a glowing drain.
  2424 | Sewer    | Entered a sewer
  2590 | Sewer    | Noticed Pargi
  2604 | Sewer    | Killed Pargi
  2605 | Sewer    | Reached XP level 6. HP: 36/47 MP: 0/11
  2867 | D:3      | Found a bloodstained altar of Trog.
  2941 | D:3      | Noticed an ice beast
  2970 | D:3      | Killed an ice beast
  2971 | D:3      | Reached skill level 6 in Ice Magic
  3527 | D:4      | Found an ornate altar of the Wu Jian Council.
  3529 | D:4      | Found an ancient bone altar of Kikubaaqudgha.
  3544 | D:4      | Noticed Pikel
  3856 | D:4      | Reached XP level 7. HP: 41/54 MP: 13/13
  3918 | D:4      | Found a broken altar of Ashenzari.
  4105 | D:4      | Killed Pikel
  4106 | D:4      | Reached skill level 5 in Fighting
  4106 | D:4      | Reached skill level 5 in Spellcasting
  4106 | D:4      | Reached skill level 7 in Ice Magic
  4106 | D:4      | Reached XP level 8. HP: 32/62 MP: 2/15
  4226 | D:4      | Noticed Edmund
  4248 | D:4      | Killed Edmund
  4710 | D:5      | Entered Level 5 of the Dungeon
  4715 | D:5      | Learned a level 3 spell: Hailstorm
  4767 | D:5      | Found Hafiv's Antique Weapon Shoppe.
  4998 | D:5      | Found a radiant altar of Vehumet.
  5009 | D:5      | Became a worshipper of Vehumet
  5210 | D:5      | Reached skill level 1 in Conjurations
  5350 | D:5      | Found Ycunluff's Book Boutique.
  5378 | D:5      | Noticed Blork the orc
  5384 | D:5      | Killed Blork the orc
  5558 | D:5      | Found Sioxzawn's Antique Weapon Shoppe.
  5645 | D:5      | Found Dientus's Armour Shop.
  5941 | D:5      | Found a shimmering altar of Xom.
  5971 | D:5      | Reached XP level 9. HP: 70/71 MP: 17/17
  6217 | D:5      | Found Ynoash's Antique Armour Boutique.
  6230 | D:5      | Identified the +4 flail "Qih Qen" {drain, rElec rN+ rCorr
                  | Int+5}
  6373 | D:6      | Reached skill level 8 in Ice Magic
  6483 | D:6      | Noticed a troll
  6562 | D:6      | Reached skill level 5 in Dodging
  6565 | D:6      | Killed a troll
  6771 | D:6      | Reached * piety under Vehumet
  6771 | D:6      | Offered knowledge of Sandblast by Vehumet.
  7048 | D:6      | Found a staircase to the Ecumenical Temple.
  7484 | D:6      | Found Uhalul's General Store.
  7488 | D:6      | Bought a scroll of identify for 24 gold pieces
  7488 | D:6      | Bought a potion of curing for 36 gold pieces
  7488 | D:6      | Bought a scroll of blinking for 90 gold pieces
  7681 | D:7      | Found a sand-covered staircase.
  7706 | Ossuary  | Entered an ossuary
  8066 | Ossuary  | Reached ** piety under Vehumet
  8075 | Ossuary  | Offered knowledge of Shock by Vehumet.
  8076 | Ossuary  | Reached XP level 10. HP: 65/79 MP: 20/20
  8278 | D:7      | Found a shimmering blue altar of Sif Muna.
  8500 | D:7      | Found an opulent altar of Gozag.
  8570 | D:7      | Noticed Menkaure
  8580 | D:7      | Reached skill level 9 in Ice Magic
  8587 | D:7      | Killed Menkaure
  8983 | D:8      | Found Jysesk's General Store.
  8989 | D:8      | Identified the +10 mace of Honour {heavy, Drain rElec rPois
                  | rF+}
  9004 | D:8      | Bought a potion of degeneration for 14 gold pieces
  9004 | D:8      | Bought a scroll of identify for 28 gold pieces
  9004 | D:8      | Bought a scroll of identify for 28 gold pieces
  9004 | D:8      | Bought a scroll of teleportation for 42 gold pieces
  9193 | D:8      | Offered knowledge of Static Discharge by Vehumet.
  9284 | D:8      | Found a staircase to the Lair.
  9603 | D:8      | Noticed a two-headed ogre
  9614 | D:8      | Killed a two-headed ogre
  9806 | D:8      | Found a blossoming altar of Fedhas.
  9806 | D:8      | Found a hide-covered altar of Uskayaw.
  9930 | D:8      | Learned a level 5 spell: Freezing Cloud
 10160 | D:9      | Killed from afar by an orc priest

Illustrated notes

Levels and vault maps discovered:
D:1:      shiori_arrival_maze, layout_loops_ring, serial_rivers,
          chequers_serial_rivers_large_b, chequers_serial_rivers_room_b,
          chequers_serial_rivers_small_a, chequers_serial_rivers_room_b,
          chequers_serial_rivers_micro_d, chequers_serial_rivers_small_3,
          st_stairs_14, minmay_misc_feat_more_columns,
          minmay_misc_feat_enclosed, chequers_serial_rivers_micro_c
D:2:      layout_basic, basic_altar, kennysheep_generic_room_2
D:3:      layout_loops_ring, old_standard_altar, lightli_sewer_entry_pipes,
          uniq_ijyb
D:4:      layout_loops_ring, nicolae_overflow_hidden_temple,
          evilmike_ruin_ashenzari, uniq_pikel, uniq_edmund
D:5:      layout_gridville, lemuel_round_altar, mainiacjoe_overflow_brackets,
          serial_shops, shop, nicolae_shop_hallway_stairs, shop, shop,
          nicolae_stop_n_shop_1, uniq_blork_the_orc
D:6:      minmay_chambers_of_fours, layout_cave_pods, minmay_temple_entry_grid,
          serial_shops, nicolae_shop_pleasant_corner_grove
D:7:      layout_rooms, nicolae_gozag_seed_capital, tgw_sif,
          nicolae_ossuary_entry_ruins, uniq_menkaure
D:8:      layout_cave_pools, minitemple, david_lair_shrubbed, serial_shops,
          nicolae_shop_stone, kennysheep_donut, hangedman_decor_peaks_small,
          hangedman_abyss_or_decor_slice
D:9:      layout_basic

Skill      XL: |  1  2  3  4  5  6  7  8  9 10 |
---------------+-------------------------------+-----
Fighting       | 1 2 3 4 5 6 7 8 |  8.4
Ice Magic      | 5 6 7 8 9 |  9.5
Spellcasting   | 3 4 5 6 7 |  7.4
Dodging        | 4 6 7 |  7.8
Conjurations   | 2 3 4 |  4.0
Stealth        | |  2.1
Air Magic      | |  0.3

Action                     |  1- 3 |  4- 6 |  7- 9 | 10-12 || total
---------------------------+-------+-------+-------+-------++-------
  Melee: Unarmed           |     4 |       |       |       ||     4
         Short sword       |    97 |   147 |    11 |       ||   255
         Punch             |     1 |     2 |     3 |     1 ||     7
         Tailslap          |       |     2 |     1 |       ||     3
         Whip              |       |       |    74 |       ||    74
         Flail             |       |       |   164 |    52 ||   216
         Mace              |       |       |       |    24 ||    24
   Cast: Freeze            |    20 |    36 |    10 |     7 ||    73
         Frozen Ramparts   |       |     6 |    33 |    14 ||    53
         Ozocubu's Armour  |       |     2 |    34 |    14 ||    50
         Hailstorm         |       |       |     1 |       ||     1
    Use: Potion            |       |     1 |     2 |     2 ||     5
         Scroll            |       |       |     5 |     7 ||    12
   Stab: Sleeping          |    10 |     6 |     1 |       ||    17
 Armour: Robe              |    21 |    35 |    87 |    31 ||   174
  Dodge: Dodged            |    80 |    94 |   204 |    91 ||   469
